 Dungeon Crawl Stone Soup version 0.29.1-14-g9c671dbff4 (webtiles) character file.

Game seed: 5270158675832069809

22 croobank the Caller (level 2, 0/12 HPs)
             Began as a Felid Summoner on Feb 17, 2023.
             Constricted to death by a ball python (1 damage)
             ... on level 1 of the Dungeon.
             The game lasted 00:02:35 (1300 turns).

croobank the Caller (Felid Summoner)                Turns: 1300, Time: 00:02:36

Health: 0/12       AC:  1    Str:  4    XL:     2   Next: 68%
Magic:  3/6        EV: 15    Int: 16    God:
Gold:   44         SH:  0    Dex: 16    Spells: 2/5 levels left
                                        Lives:  0   Deaths: 0

rFire   . . .      SeeInvis +   (weapon unavailable)
rCold   . . .      Faith    .   (shield unavailable)
rNeg    . . .      Spirit   .   (body armour unavailable)
rPois   .          Reflect  .   (helmet unavailable)
rElec   .          Harm     .   (cloak unavailable)
rCorr   .          Rampage  .   (gloves unavailable)
Will    .....                   (boots unavailable)
Stlth   ++........              (no amulet)
HPRegen 0.04/turn               (no ring)
MPRegen 0.10/turn               (no ring)

@: constricted, quick
A: very small, claws 1, fangs 3, see invisible, speed 1, shaggy fur 1, stealthy
paws, no weapons or thrown items, no armour, multi-lived
a: no special abilities


You were on level 1 of the Dungeon.
You visited 1 branch of the dungeon, and saw 1 of its levels.

You collected 44 gold pieces.

Inventory:

Scrolls
 b - a scroll of enchant weapon {unknown}
 d - a scroll of identify {unknown}
 e - a scroll of immolation {unknown}
Potions
 a - a potion of magic
 c - a potion of resistance {unknown}


   Skills:
 + Level 0.4 Fighting
 + Level 3.2 Dodging
 - Level 3.0 Stealth
 + Level 2.2 Spellcasting
 + Level 4.2 Summonings


You had 2 spell levels left.
You knew the following spells:

 Your Spells              Type           Power      Damage    Failure   Level
a - Summon Small Mammal   Summ           60%        N/A       3%          1
b - Call Imp              Summ           15%        N/A       5%          2

Your spell library contained the following spells:

 Spells                   Type           Power      Damage    Failure   Level
 Call Canine Familiar     Summ           15%        N/A       11%         3
 Summon Guardian Golem    Hex/Summ       8%         N/A       26%         3
 Summon Lightning Spire   Summ/Air       8%         N/A       63%         4


Dungeon Overview and Level Annotations

Branches:
Dungeon (1/15)

Altars:


Innate Abilities, Weirdness & Mutations

You have sharp claws.
You have razor-sharp teeth.
You have supernaturally acute eyesight. (SInv)
You cover ground quickly. (Speed+)
You are covered in fur. (AC +1)
Your paws help you pounce on unaware monsters.
You are incapable of wielding weapons or throwing items.
You cannot wear armour.
You gain extra lives every three experience levels.


Message History

Casting: Call Imp (safe; 5% risk of failure)
Confirm with . or Enter, or press ? or * to list all spells.
The dart slug launches a dart at you. The slug dart misses you.
The slug dart hits your iron imp.
Your bat hits the dart slug but does no damage.
You swap places.
Your iron imp hits the dart slug!
The dart slug launches a dart at you. The slug dart hits your iron imp.
Your iron imp hits the dart slug.
The dart slug dies!
You swap places.
You see here a dart slug corpse.
Your iron imp disappears in a puff of smoke!
Things that are here:
a +0 club; 3 stones; a kobold corpse You now have 44 gold pieces (gained 16).
You see here a dart slug corpse.
A ball python comes into view.
The ball python hisses angrily.
You see here a scroll labelled GUOSYFOLON.
Casting: Summon Small Mammal (safe; 3% risk of failure)
Confirm with . or Enter, or press ? or * to list all spells.
A beastly little devil appears in a puff of flame.
The ball python closely misses you. The ball python grabs you.
The ball python constricts you. The ball python misses you.
The ball python constricts you.
The ball python's grasp on you weakens, but your attempt to escape fails.
The ball python misses you. The ball python constricts you.
You closely miss the ball python. The ball python bites you.
The ball python constricts you.
You closely miss the ball python. The ball python bites you.
* * * LOW HITPOINT WARNING * * *
The ball python constricts you.
* * * LOW HITPOINT WARNING * * *
Casting: Call Imp (safe; 5% risk of failure)
Confirm with . or Enter, or press ? or * to list all spells.
The ball python bites you.
* * * LOW HITPOINT WARNING * * *
The ball python constricts you.
You die...

.#.#.#.....#.#......#
.'.#.#..####.#.####.#
.###.#...........##.#
..##.#...#...#.#.##.#
..##.#..)#...#.#.##.#
..##.#...#...#.#.##.#
..##.#...#...#.#r##.#
#.##.#...#...#.#5##.#
...#.........#.#@##.#
########.#...#.#S##.#
..........)..#
#.##.########
##...........#
#.##........#
#...........#
#.#######.###
#...........# ... #.#
#######.....# ... #.#
########.....#######
#.#
#.>................#
#.#


You could see a ball python (ally target), a friendly crimson imp (summoned) and
a friendly rat (summoned).

Vanquished Creatures
  2 bats (D:1)
  An endoplasm (D:1)
  A ball python (D:1)
4 creatures vanquished.

Vanquished Creatures (collateral kills)
  A dart slug (D:1)
  2 ball pythons (D:1)
  2 endoplasms (D:1)
  A giant cockroach (D:1)
  A hobgoblin (D:1)
  3 kobolds (D:1)
  A bat (D:1)
  A frilled lizard (D:1)
  2 rats (D:1)
14 creatures vanquished.

Grand Total: 18 creatures vanquished

Notes
Turn   | Place    | Note
-------+----------+-------------------------------------------
     0 | D:1      | croobank the Felid Summoner began the quest for the Orb.
     0 | D:1      | Reached XP level 1. HP: 7/7 MP: 4/4
   380 | D:1      | Reached XP level 2. HP: 11/11 MP: 3/6
   383 | D:1      | Learned a level 2 spell: Call Imp
  1300 | D:1      | Constricted to death by a ball python

Illustrated notes

Levels and vault maps discovered:
D:1:      dpeg_arrival_shrine, layout_basic, minmay_tripent

Skill      XL: |  1 |
---------------+----+-----
Stealth        | 3 |  3.0
Dodging        | 3 |  3.2
Fighting       | |  0.4
Spellcasting   | |  2.2
Summonings     | |  4.2

Action                   || total
-------------------------++-------
Melee: Unarmed           ||    16
       Bite              ||     1
 Cast: Summon Small Mamm ||    27
       Call Imp          ||     9
 Stab: Sleeping          ||     1
Armor: Skin              ||     2
Dodge: Dodged            ||    20
